AoeStats
← KaLong

Nomad

507203432Analyzed
4v4 RM · 16d ago on Sep 17, 2026· 43m 14s· 8 players
Game mode
Random Map
Map size
231×231
Population
200
Speed
Normal
Resources
Standard
Victory
Conquest
Starting age
Dark Age
Ending age
Imperial Age
RankedLock teamsTeams togetherTeam positionsShared explorationLock speedFull tech treeHidden civsTurbo modeCheats
Victory
Defeat
🇹🇼 Italians · Taiwan
1715
+12
🇨🇳 Berbers · China
1568
+17
🇺🇸 Romans · United States
1490
+21
🇲🇽 Malians · Mexico
1485
+21
🇺🇸 Magyars · United States
1711
-23
🇺🇸 Romans · United States
1676
-21
🇺🇸 Saracens · United States
1521
-14
🇺🇸 Malians · United States
1495
-13
El Papá
4:40 Loom
12:27 Feudal Age
17:48 Castle Age
18:30 Fishing Lines
18:42 Double-Bit Axe
19:38 Bow Saw
19:38 Town Watch
21:52 Horse Collar
25:43 Wheelbarrow
27:22 Heavy Plow
28:19 Hand Cart
28:19 Husbandry
28:57 Bloodlines
30:32 Stone Mining
30:33 Gold Mining
32:00 Forging
31:56 Scale Barding Armor
35:12 Imperial Age
34:11 Chain Barding Armor
34:26 Iron Casting
36:46 Plate Barding Armor
37:18 Chemistry
37:11 Heavy Camel Rider
40:22 Farimba
42:06 Treadmill Crane
42:36 Masonry
43:20 Fletching
43:52 Ballistics
44:04 Architecture
Morningstar
4:53 Loom
12:59 Feudal Age
13:48 Fishing Lines
14:15 Double-Bit Axe
15:38 Town Watch
18:50 Castle Age
19:45 Bow Saw
19:31 Gold Mining
19:50 Man-at-Arms
20:31 Squires
20:36 Scale Mail Armor
20:46 Forging
20:59 Long Swordsman
23:23 Horse Collar
25:46 Pikeman
27:52 Chain Mail Armor
28:25 Fletching
30:33 Iron Casting
31:41 Stone Mining
32:37 Wheelbarrow
33:42 Masonry
34:54 Ballistics
35:02 Hand Cart
37:21 Gold Shaft Mining
40:53 Imperial Age
39:03 Scale Barding Armor
39:19 Bodkin Arrow
39:54 Bloodlines
39:44 Husbandry
39:52 Ballistas
41:46 Chain Barding Armor
蔡正平
3:30 Loom
13:37 Feudal Age
14:38 Double-Bit Axe
14:45 Town Watch
17:21 Castle Age
15:28 Gold Mining
15:38 Fishing Lines
18:20 Medium Warships
18:28 Bow Saw
19:41 Gillnets
21:55 Wheelbarrow
22:55 Stone Mining
24:27 Stone Shaft Mining
30:44 Imperial Age
29:15 Fletching
29:52 Bodkin Arrow
29:58 Padded Archer Armor
30:50 Treadmill Crane
31:25 Bracer
32:34 Ballistics
32:31 Leather Archer Armor
34:11 Chemistry
34:26 Hand Cart
36:00 Elite Genoese Crossbowman
39:50 Conscription
40:23 Thumb Ring
41:32 Ring Archer Armor
43:02 Masonry
Bo Zhi Shang
4:20 Loom
15:01 Feudal Age
20:46 Castle Age
18:37 Double-Bit Axe
19:18 Forging
19:15 Scale Barding Armor
19:22 Bloodlines
20:55 Gold Mining
嗚
5:38 Loom
14:19 Feudal Age
15:14 Double-Bit Axe
18:29 Castle Age
16:50 Stone Mining
18:07 Scale Barding Armor
19:24 Bow Saw
23:13 Corvinian Army
27:08 Wheelbarrow
28:18 Chain Barding Armor
40:05 Gold Mining
40:57 Medium Warships
倉木華
5:48 Loom
13:46 Feudal Age
17:29 Town Watch
18:00 Double-Bit Axe
21:09 Castle Age
19:08 Gold Mining
18:58 Horse Collar
32:14 Wheelbarrow
32:16 Gold Shaft Mining
32:23 Forging
32:25 Bow Saw
36:32 Imperial Age
36:26 Scale Mail Armor
37:57 Conscription
37:46 Squires
39:02 Hand Cart
39:21 Stone Mining
39:47 Chain Mail Armor
41:24 Iron Casting
41:32 Plate Mail Armor
BomBomB0
4:57 Loom
14:13 Feudal Age
17:56 Castle Age
16:33 Fishing Lines
17:04 Double-Bit Axe
19:01 Bow Saw
18:53 Gillnets
19:15 Forging
19:06 Scale Mail Armor
20:10 Fletching
23:23 Town Watch
25:01 Wheelbarrow
24:36 Bodkin Arrow
33:50 Hand Cart
33:26 Stone Mining
34:14 Gold Mining
42:01 Ballistics
42:12 Masonry
KaLong
4:39 Loom
14:31 Feudal Age
18:24 Castle Age
16:48 Double-Bit Axe
19:31 Bow Saw
19:02 Horse Collar
26:06 Wheelbarrow
28:53 Scale Barding Armor
28:58 Forging
31:35 Iron Casting
39:10 Chain Barding Armor
39:21 Heavy Plow
42:48 Gold Mining
Connection lost

Rejoining the realm…

Still unreachable

The connection could not be restored.

Session expired

The server has moved on; the page needs a fresh start.